 Dungeon Crawl Stone Soup version 0.26-a0-710-g95a0c6c400 (webtiles) character file.

Game seed: 8407772761367186022

3637 Whiskey the Frost Mage (level 9, 0/78 HPs)
             Began as a Demonspawn Ice Elementalist on Oct 30, 2020.
             Was a Priest of Okawaru.
             Killed by divine providence
             ... invoked by an orc priest
              (12 damage)
             ... on level 9 of the Dungeon.
             The game lasted 00:14:41 (9988 turns).

Whiskey the Frost Mage (DsIE)                       Turns: 9988, Time: 00:14:42

Health: 0/78       AC:  6    Str: 18    XL:     9   Next: 87%
Magic:  10/12      EV: 16    Int: 17    God:    Okawaru [***...]
Gold:   375        SH:  0    Dex: 13    Spells: 5/12 levels left

rFire    . . .     SeeInvis .   v - +0 war axe (drain)
rCold    + . .     Faith    .   (no shield)
rNeg     . . .     Spirit   .   a - +0 robe
rPois    .         Reflect  .   (no helmet)
rElec    .         Harm     .   s - +0 cloak
rCorr    .         Rampage  .   j - +0 pair of gloves
MR       .....                  (no boots)
Stlth    ++........             w - amulet of magic regeneration
HPRegen  0.23/turn              p - +4 ring of evasion
MPRegen  0.38/turn              C - +6 ring of strength

@: frozen ramparts
A: claws 1, yellow scales 1, cold resistance 1, spiny 1, freezing cloud immunity
a: Heroism, Renounce Religion


You were on level 9 of the Dungeon.
You worshipped Okawaru.
Okawaru was most pleased with you.
You visited 2 branches of the dungeon, and saw 10 of its levels.
You also visited: Ossuary.

You collected 375 gold pieces.

Inventory:

Hand Weapons
 c - a +0 whip of venom
   (You took it off a kobold on level 3 of the Dungeon)
 t - a +0 vampiric short sword {!w}
   (You took it off an orc on level 3 of the Dungeon)
 v - a +0 war axe of draining (weapon)
   (You took it off an orc on level 3 of the Dungeon)
 y - a +2 quarterstaff of chaos
   (You took it off Crazy Yiuf on level 4 of the Dungeon)
 B - a +0 dagger of protection
   (You took it off an orc on level 4 of the Dungeon)
 G - a +2 bardiche of venom
   (You found it on level 6 of the Dungeon)
Missiles
 E - 4 javelins (quivered)
Armour
 a - a +0 robe (worn)
 j - a +0 pair of gloves (worn)
   (You found it on level 1 of the Dungeon)
 m - a +0 tower shield
   (You found it on level 1 of the Dungeon)
 s - a +0 cloak (worn)
   (You found it on level 2 of the Dungeon)
Jewellery
 p - a +4 ring of evasion (left hand)
   (You found it on level 2 of the Dungeon)
 u - an uncursed ring of protection from magic {MR+, !d}
   (You found it on level 3 of the Dungeon)
 w - an amulet of magic regeneration (around neck)
   (You found it on level 3 of the Dungeon)
 C - a +6 ring of strength (right hand)
   (You found it on level 4 of the Dungeon)
 F - a cursed ring of attention {unknown}
   (You found it on level 5 of the Dungeon)
Wands
 M - a wand of polymorph (8)
   (You found it on level 6 of the Dungeon)
 P - a wand of random effects (11)
   (You found it on level 7 of the Dungeon)
Scrolls
 b - 11 scrolls of remove curse
 d - 7 scrolls of magic mapping {!r}
 f - 10 scrolls of identify
 h - 2 scrolls of fear {unknown}
 k - 5 scrolls of fog
 l - 2 scrolls of enchant weapon {unknown}
 q - 8 scrolls of teleportation
 x - 2 scrolls of amnesia {unknown}
 A - 2 scrolls of blinking {unknown}
 J - a scroll of enchant armour {unknown}
 N - a scroll of summoning {unknown}
 Q - 3 scrolls of random uselessness {unknown}
Potions
 e - 2 potions of lignification {unknown}
 g - a potion of magic {unknown}
 i - 5 potions of haste {unknown}
 n - 3 potions of curing {unknown}
 o - 4 potions of flight {unknown}
 r - a potion of berserk rage {unknown}
 z - 4 potions of degeneration {unknown}
 D - 3 potions of might {unknown}
 H - a potion of ambrosia {unknown}
 I - a potion of mutation {unknown}
 K - a potion of stabbing {unknown}
 L - 2 potions of brilliance {unknown}
 O - 2 potions of cancellation {unknown}


   Skills:
 + Level 10.0 Fighting
 - Level 1.7 Dodging
 - Level 1.7 Stealth
 - Level 2.0 Spellcasting
 - Level 10.0 Ice Magic


You had 5 spell levels left.
You knew the following spells:

 Your Spells              Type           Power        Failure   Level
a - Freeze                Ice            ####         1%          1
b - Frozen Ramparts       Ice            #####.       1%          3
A - Ozocubu's Armour      Ice            #####...     1%          3

Your spell library contained the following spells:

 Spells                   Type           Power        Failure   Level
 Hailstorm                Conj/Ice       ###.....     24%         4
 Summon Ice Beast         Ice/Summ       ###.....     24%         4


Dungeon Overview and Level Annotations

Branches:
Dungeon (9/15)             Temple (1/1) D:6         Ossuary (visited)
   Lair: D:8-11         Orc: D:9-12

Altars:
Ashenzari
Cheibriados
Dithmenos
Elyvilon
Fedhas
Gozag
Hepliaklqana
Kikubaaqudgha
Makhleb
Okawaru
Qazlal
Ru
Sif Muna
Trog
Uskayaw
Vehumet
Wu Jian
Xom
Yredelemnul
Zin
The Shining One

Shops:
D:5 *   D:9 ?


Innate Abilities, Weirdness & Mutations

You have sharp fingernails.
You are partially covered in yellow scales. (AC +2)
Your flesh is cold resistant. (rC+)
You are partially covered in sharp spines.
You are immune to freezing clouds.


Message History

You throw a javelin.
The javelin pierces through the hornet but does no damage.
The hornet buzzes angrily.
The walls around you are covered in ice.
You now have 7/12 mp.
Your icy armour cracks and falls away as you move.
A film of ice covers your body!
The wall freezes the hornet.
The hornet completely misses you.
The wall freezes the hornet.
The hornet stings you but does no damage.
You now have 5/12 mp.
You hit the hornet but do no damage.
The wall freezes the hornet.
The hornet stings you but does no damage.
The wall freezes the hornet.
The hornet closely misses you.
You closely miss the hornet.
The wall freezes the hornet.
The hornet is struck by your spines. The hornet stings you.
You feel yourself slow down.
The wall freezes the hornet.
The hornet is struck by your spines. The hornet barely misses you.
The wall freezes the hornet.
The hornet misses you.
You take 5 damage, and have 69/74 hp.
You barely miss the hornet.
The wall freezes the hornet.
The hornet stings you.
You feel as though you will be slow longer.
The wall freezes the hornet.
The hornet is struck by your spines. The hornet stings you!
You are poisoned.
You feel as though you will be slow longer.
A two-headed ogre comes into view.
It is wielding a +0 giant club and a +0 giant spiked club.
The wall freezes the hornet.
The hornet stings you but does no damage.
You take 16 damage, and have 53/74 hp.
MASSIVE DAMAGE!!
You closely miss the hornet.
You feel sick.
The two-headed ogre shouts in stereo!
The wall freezes the hornet.
The hornet stings you but does no damage.
The wall freezes the hornet.
You kill the hornet!
Okawaru is honoured by your kill.
Throwing (i - inventory)
E - 5 javelins (quivered)
Aim: a two-headed ogre, wielding a +0 giant club and a +0 giant spiked club You throw a javelin.
The javelin barely misses the two-headed ogre.
The frozen ramparts melt away.
You feel sick.
You take 1 damage, and have 52/75 hp.
The walls around you are covered in ice.
You feel sick.
You take 1 damage, and have 51/75 hp.
You now have 6/12 mp.
You barely miss the two-headed ogre.
You feel sick.
The wall freezes the two-headed ogre.
The two-headed ogre is struck by your spines.
The two-headed ogre completely misses you.
The two-headed ogre closely misses you.
The wall freezes the two-headed ogre.
The two-headed ogre misses you.
The two-headed ogre hits you with a +0 giant spiked club!!
You take 19 damage, and have 32/75 hp.
MASSIVE DAMAGE!!
You are too injured to fight recklessly!
You slash the two-headed ogre! You drain the two-headed ogre.
You feel yourself speed up.
You feel sick.
The wall freezes the two-headed ogre.
The two-headed ogre is struck by your spines.
The two-headed ogre misses you.
The two-headed ogre hits you with a +0 giant spiked club!!
* * * LOW HITPOINT WARNING * * *
The wall freezes the two-headed ogre!
You kill the two-headed ogre!
Okawaru is honoured by your kill.
Okawaru will now gift you ammunition as you gain piety.
Your Fighting skill gained 2 levels and is now at level 10!
You take 27 damage, and have 5/78 hp.
MASSIVE DAMAGE!!
Your icy armour cracks and falls away as you move.
You feel sick.
Things that are here:
a +0 giant club; a +0 giant spiked club; a two-headed ogre corpse You take 1 damage, and have 4/78 hp.
You start resting.
The frozen ramparts melt away.
You start resting.
You feel sick. x4
You are no longer poisoned.
You take 1 damage, and have 4/78 hp.
MP restored: 12
There is an entrance to Apaxuter's Magic Scroll Shop here.
You start resting.
An orc wizard comes into view. It is wielding a +0 dagger.
You regained 6 hp, and now have 10/78 hp.
You start resting.
An orc comes into view.
There is an entrance to Apaxuter's Magic Scroll Shop here.
The walls around you are covered in ice.
The orc shouts!
The orc wizard shouts!
You hear a shout! x3
The wall freezes the orc.
The orc closely misses you.
An orc wizard comes into view. It is wielding a +0 dagger.
You now have 9/12 mp.
You are too injured to fight recklessly!
You are too injured to fight recklessly!
You barely miss the orc.
The wall freezes the orc!
You kill the orc!
Okawaru accepts your kill.
An orc priest comes into view. It is wielding a -3 flail.
An orc comes into view.
The orc priest mumbles some strange prayers to Beogh against you.
Beogh smites you!
You die...

#######....#
..#####....(.....#
..................
...................
...................
.................$.
...................
........o@∩.#
.........####
.........#
......o.##
.....o..# ......o.#
........###########
####...............
#...............


You could see an orc priest, 2 orc wizards and an orc (wandering).

Vanquished Creatures
  A two-headed ogre (D:9)
  A hornet (D:9)
  Grinder (D:5)
  2 black bears
  A sky beast (D:5)
  3 ice beasts
  3 ogres
  A phantom (D:6)
  2 centaurs
  3 bullfrogs
  A scorpion (D:6)
  2 vampire bats (D:6)
  A centaur zombie (Ossuary)
  3 bullfrog zombies (Ossuary)
  A hound (D:4)
  2 orc priests
  5 orc wizards
  Crazy Yiuf (D:4)
  A bullfrog skeleton (D:5)
  15 mummies (Ossuary)
  2 iguanas (D:4)
  3 worker ants
  A killer bee zombie (Ossuary)
  4 hound zombies
  5 worker ant zombies
  9 adders
  A shadow imp (D:6)
  2 white imps
  2 oozes (D:1)
  2 adder zombies (Ossuary)
  3 worms
  2 dart slugs
  9 leopard geckos
  28 orcs
  3 ball pythons
  7 bats
  4 bat skeletons (D:6)
  2 bat zombies (D:6)
  6 giant cockroaches
  5 goblins
  2 hobgoblins
  10 kobolds
  2 quokkas
  A frilled lizard (D:2)
  3 quokka zombies
  6 rats
174 creatures vanquished.

Vanquished Creatures (others)
  A fungus (D:4)
  6 withered plants (Ossuary)
7 creatures vanquished.

Grand Total: 181 creatures vanquished

Notes
Turn   | Place    | Note
-------+----------+-------------------------------------------
     0 | D:1      | Whiskey the Demonspawn Ice Elementalist began the quest for
                  | the Orb.
     0 | D:1      | Reached XP level 1. HP: 13/13 MP: 3/3
    40 | D:1      | HP: 3/13 [rat (2)]
   327 | D:1      | Reached skill level 4 in Ice Magic
   454 | D:1      | Gained mutation: You are partially covered in sharp spines.
                  | [demonic ancestry]
   454 | D:1      | Reached XP level 2. HP: 16/19 MP: 5/5
  1023 | D:1      | Gained mutation: Your flesh is cold resistant. (rC+)
                  | [demonic ancestry]
  1023 | D:1      | Reached XP level 3. HP: 14/24 MP: 6/6
  1572 | D:1      | Learned a level 3 spell: Frozen Ramparts
  2126 | D:2      | Reached skill level 5 in Ice Magic
  2386 | D:2      | Reached XP level 4. HP: 30/30 MP: 7/7
  2579 | D:2      | Found a shimmering blue altar of Sif Muna.
  2591 | D:2      | Found a stormy altar of Qazlal.
  2594 | D:2      | Found a broken altar of Ashenzari.
  3168 | D:3      | Found a radiant altar of Vehumet.
  3174 | D:3      | Found a hazy altar of Hepliaklqana.
  3174 | D:3      | Found an ornate altar of the Wu Jian Council.
  3178 | D:3      | Found a snail-covered altar of Cheibriados.
  3179 | D:3      | Found a shadowy altar of Dithmenos.
  3417 | D:3      | Found a burning altar of Makhleb.
  3538 | D:3      | Reached skill level 6 in Ice Magic
  3538 | D:3      | Gained mutation: You are partially covered in yellow
                  | scales. (AC +2) [demonic ancestry]
  3538 | D:3      | Reached XP level 5. HP: 14/35 MP: 4/8
  4127 | D:4      | Reached skill level 1 in Fighting
  4269 | D:4      | Gained mutation: You have sharp fingernails. [demonic
                  | ancestry]
  4269 | D:4      | Reached XP level 6. HP: 24/43 MP: 9/9
  4438 | D:4      | Reached skill level 2 in Fighting
  4658 | D:4      | Found a runed translucent door.
  4659 | D:4      | Noticed Crazy Yiuf
  4668 | D:4      | Killed Crazy Yiuf
  4776 | D:4      | Reached skill level 7 in Ice Magic
  5164 | D:4      | Found a shimmering altar of Xom.
  5195 | D:5      | Entered Level 5 of the Dungeon
  5195 | D:5      | Noticed an ice beast
  5364 | D:4      | Learned a level 3 spell: Ozocubu's Armour
  5375 | D:5      | Killed an ice beast
  5375 | D:5      | Reached XP level 7. HP: 47/51 MP: 10/10
  5417 | D:5      | Reached skill level 3 in Fighting
  5628 | D:5      | Found Zin's Purification Station.
  5632 | D:5      | Found a glowing silver altar of Zin.
  5656 | D:5      | Noticed Grinder
  5660 | D:5      | Reached skill level 8 in Ice Magic
  5669 | D:5      | Paralysed by Grinder for 7 turns
  5686 | D:5      | HP: 3/53 [Grinder/nerve-wracking pain (14)]
  5688 | D:5      | Killed Grinder
  5688 | D:5      | Reached skill level 4 in Fighting
  5688 | D:5      | Gained mutation: You are immune to freezing clouds.
                  | [demonic ancestry]
  5688 | D:5      | Reached XP level 8. HP: 4/60 MP: 7/11
  6301 | D:6      | Noticed a rust devil
  6318 | D:6      | Found a staircase to the Ecumenical Temple.
  6327 | Temple   | Entered the Ecumenical Temple
  6364 | Temple   | Became a worshipper of Warmaster Okawaru
  6434 | D:6      | Found a sand-covered staircase.
  6439 | Ossuary  | Entered an ossuary
  6600 | Ossuary  | Reached skill level 9 in Ice Magic
  6638 | Ossuary  | Reached skill level 5 in Fighting
  6885 | Ossuary  | Reached * piety under Okawaru
  7600 | D:6      | Reached skill level 10 in Ice Magic
  7600 | D:6      | Reached XP level 9. HP: 69/69 MP: 12/12
  7629 | D:6      | Reached skill level 6 in Fighting
  7725 | D:6      | Noticed an angel
  7889 | D:6      | Found an ancient bone altar of Kikubaaqudgha.
  7940 | D:6      | Reached skill level 7 in Fighting
  8165 | D:7      | Reached ** piety under Okawaru
  9161 | D:8      | Reached skill level 8 in Fighting
  9922 | D:9      | Found Apaxuter's Magic Scroll Shop.
  9931 | D:9      | Noticed a two-headed ogre
  9936 | D:9      | HP: 4/75 [two-headed ogre/+0 giant club (27)]
  9936 | D:9      | Killed a two-headed ogre
  9936 | D:9      | Reached *** piety under Okawaru
  9936 | D:9      | Reached skill level 10 in Fighting
  9941 | D:9      | HP: 4/78 [poisoned by a hornet]
  9949 | D:9      | HP: 4/78 [poisoned by a hornet]
  9988 | D:9      | Killed from afar by an orc priest

Illustrated notes

Levels and vault maps discovered:
D:1:      minmay_arrival_shattered_statue, layout_loops_ring,
          serial_bayou_pond_e
D:2:      layout_loops_ring, grunt_temple_overflow_diamond
D:3:      layout_basic, lemuel_round_altar, minitemple, serial_glass,
          glass_columns_a, glass_columns_a
D:4:      layout_gridville, nicolae_overflow_hidden_temple,
          uniq_crazy_yiuf_cottage
D:5:      layout_rooms, zin_purify, uniq_grinder
D:6:      black_bear_nest_1, layout_gridville, kennysheep_vampire_church,
          temple_garden, enter_ossuary_3
D:7:      layout_basic
D:8:      layout_basic
D:9:      layout_irregular_city, nemelex_xobeh_ov_fountains_minmay,
          serial_shops, shop, serial_glass, glass_columns_b, glass_columns_a
Temple:   jpeg_temple_island

Skill      XL: |  1  2  3  4  5  6  7  8  9 |
---------------+----------------------------+-----
Ice Magic      | 4 5 6 7 8 10 | 10.0
Fighting       | 1 2 4 5 10 | 10.0
Dodging        | |  1.7
Stealth        | |  1.7
Spellcasting   | |  2.0

Action                   |  1- 3 |  4- 6 |  7- 9 || total
-------------------------+-------+-------+-------++-------
Melee: Dagger            |   102 |     8 |       ||   110
       Unarmed           |     1 |       |       ||     1
       Short sword       |       |    38 |       ||    38
       War axe           |       |    59 |   254 ||   313
Throw: Javelin           |       |     5 |     8 ||    13
 Cast: Freeze            |     4 |       |       ||     4
       Frozen Ramparts   |     2 |     4 |    14 ||    20
       Ozocubu's Armour  |       |     1 |     5 ||     6
  Use: Scroll            |       |       |     5 ||     5
 Stab: Sleeping          |     4 |     4 |     3 ||    11
Armor: Robe              |    28 |    30 |    55 ||   113
Dodge: Dodged            |    66 |    85 |   202 ||   353

Table legend: (Time is in decaauts)
 A = Elapsed time spent in this place.
 B = Non-inter-level travel time spent in this place.
 C = Inter-level travel time spent in this place.
 D = Time resting spent in this place.
 E = Time spent auto-exploring this place.
 F = Levels seen in this place.
 G = Mean time per level.
                   A        B        C        D        E       F      G
               +--------+--------+--------+--------+--------+-----+--------+
         Total |  10182 |   9806 |    376 |   1291 |   7009 |  11 |  925.6 |
       Dungeon |   9164 |   8788 |    376 |    997 |   6619 |   9 | 1018.2 |
        Temple |     65 |     65 |      0 |      0 |     26 |   1 |   65.0 |
       Ossuary |    952 |    952 |      0 |    294 |    364 |   1 |  952.0 |
               +--------+--------+--------+--------+--------+-----+--------+

Top non-repeatable levels by time:
     D:1: 1836 daAuts
     D:4: 1330 daAuts
     D:3: 1317 daAuts
     D:5: 1002 daAuts
     D:8: 970 daAuts
 Ossuary: 952 daAuts
     D:6: 904 daAuts
     D:7: 863 daAuts
     D:2: 855 daAuts
     D:9: 83 daAuts
  Temple: 65 daAuts

Table legend:
 A = Kills in this place as a percentage of kills in entire the game.
 B = Kills by you in this place as a percentage of kills by you in the entire game.
 C = Kills by friends in this place as a percentage of kills by friends in the entire game.
 D = Other kills in this place as a percentage of other kills in the entire game.
 E = Experience gained in this place as a percentage of experience gained in the entire game.
 F = Experience gained in this place divided by the number of levels of this place that you have seen.
                   A       B       C       D       E      F
               +-------+-------+-------+-------+-------+----------------------
         Total | 100.0 | 100.0 |   N/A |   N/A | 100.0 | 472.4
       Dungeon |  82.2 |  82.2 |   N/A |   N/A |  85.0 | 490.8
       Ossuary |  17.8 |  17.8 |   N/A |   N/A |  15.0 | 779.0
               +-------+-------+-------+-------+-------+----------------------
